 Dungeon Crawl Stone Soup version 0.31-a0-221-gbddc013574 (webtiles) character file.

Game seed: 3145454235643457313

711 qw the Chopper (level 7, 0/44 HPs)
             Began as a Gargoyle Fighter on July 4, 2023.
             Slain by a wight
             ... wielding a +4 great sword
              (16 damage)
             ... on level 6 of the Dungeon.
             The game lasted 00:01:56 (4111 turns).

qw the Chopper (Gargoyle Fighter)                   Turns: 4111, Time: 00:01:57

Health: 0/44       AC: 20    Str: 22    XL:     7   Next: 68%
Magic:  7/7        EV:  6    Int:  8    God:
Gold:   239        SH:  4    Dex: 11    Spells: 6/6 levels left

rFire   . . .        Y - +1 war axe
rCold   . . .        c - +0 buckler
rNeg    + . .        i - +0 plate armour
rPois   inf          (no helmet)
rElec   +            k - +1 cloak
rCorr   .            (no gloves)
SInv    .            (no boots)
Will    .....        (no amulet) Stlth
                     (no ring)
HPRegen 0.27/turn    (no ring)
MPRegen 0.10/turn

%: no passive effects
@: no status effects
A: sickness immunity, AC +4, negative energy resistance 1, electricity
resistance, torment resistance 1, petrification resistance, talons 1, iridescent
scales 1, thin skeletal structure 1, evolution 1
a: no special abilities


You were on level 6 of the Dungeon.
You visited 1 branch of the dungeon, and saw 6 of its levels.

You collected 239 gold pieces.


Innate Abilities, Weirdness & Mutations

You are immune to sickness and miasma.
Your stone body is resilient. (AC +4)
You are immune to poison.
You resist negative energy. (rN+)
You are resistant to electric shocks. (rElec)
You are resistant to unholy torment.
You are immune to petrification.
You have sharp toenails.
You are partially covered in iridescent scales. (AC +2)
You have a somewhat thin skeletal structure. (Dex +2, Stealth+)
You have hidden genetic potential.


   Skills:
 - Level 4.9 Fighting
 + Level 6.4 Axes
 - Level 4.1 Armour
 - Level 1.4 Dodging
 - Level 3.2 Shields


You had 6 spell levels left.
You didn't know any spells.
Your spell library was empty.

Inventory:

Hand Weapons
 l - a +0 flail
 Y - a +1 war axe (weapon)
Missiles
 e - 7 boomerangs (quivered)
Armour
 c - a +0 buckler (worn)
 i - a +0 plate armour (worn)
 k - a +1 cloak (worn)
Scrolls
 b - a scroll of identify
Potions
 a - 4 potions of lignification
 d - 6 potions of might
 g - a potion of mutation
 h - a potion of curing
 j - a potion of haste
 m - a potion of heal wounds

Dungeon Overview and Level Annotations

Branches:
Dungeon (6/15)
 Temple: D:4-7

Altars:
Dithmenos
Gozag
Uskayaw

Shops:
D:4 *=

Annotations:
D:3 1 runed translucent door, qw's ghost, amateur GrHs
D:6 Prince Ribbit


Message History

You closely miss the sky beast. You closely miss the wight.
The sky beast flickers out of sight!
Deactivating autopickup; reactivate with Ctrl-A.
Something hits you but does no damage.
The wight hits you from afar with a +3 spear!
The wight hits you but does no damage.
You slash the wight! You claw the wight, but do no damage.
The wight is almost destroyed.
You hit the wight. You closely miss something.
You hit the wight but do no damage.
Prince Ribbit blinks!
Something hits you but does no damage. The wight hits you with a +0 battleaxe!
You block the wight's attack. The wight barely misses you.
The wight hits you but does no damage. Something hits you but does no damage.
The wight hits you with a +0 battleaxe.
The wight hits you from afar with a +3 spear.
The wight barely misses you.
The wight hits you with a +4 great sword.
You hit the wight.
You destroy the wight!
You hit the wight. You hit something. You barely miss the wight.
Something hits you but does no damage. You block the wight's attack.
The wight hits you but does no damage. x2
You hit the wight. You claw the wight, but do no damage.
The wight is severely damaged.
You closely miss something. You hit the wight but do no damage.
Something hits you but does no damage. The wight closely misses you.
The wight hits you from afar with a +3 spear.
The wight hits you with a +0 dagger.
4110 ||| DRINKING 2 potions of heal wounds.
You feel much better. Something hits you but does no damage.
The wight hits you with a +4 great sword.
The wight hits you but does no damage.
The wight hits you from afar with a +3 spear.
You hit the wight. You claw the wight.
The wight is almost destroyed.
You barely miss something. You slash the wight! You closely miss Prince Ribbit.
Prince Ribbit hits you! Something hits you but does no damage.
The wight hits you with a +4 great sword!
You die...

#.# ##..##
####......
#.........
#.........
#../...?..
#.zz......
#<@)z.....
#.{F......
...........
#...........
#...........
..#.........
..###......$.
..# #........


You could see Prince Ribbit and 3 wights.

Vanquished Creatures
  A steam dragon (D:5)
  An ogre (D:4)
  A centaur (D:5)
  A wight (D:6)
  A hound (D:5)
  A jelly (D:4)
  2 orc priests (D:5)
  An iguana (D:5)
  2 orc wizards
  A gnoll (D:3)
  6 adders
  3 worms
  A dart slug (D:1)
  16 orcs
  7 ball pythons
  2 endoplasms
  3 giant cockroaches
  10 goblins
  7 hobgoblins
  3 quokkas
  7 bats
  6 frilled lizards
  5 kobolds
  8 rats
96 creatures vanquished.

Notes
Turn   | Place    | Note
-------+----------+-------------------------------------------
     0 | D:1      | qw the Gargoyle Fighter began the quest for the Orb.
     0 | D:1      | Reached XP level 1. HP: 14/14 MP: 1/1
     0 | D:1      | 0 ||| qw: Version: 0.3-a-41-g9d075ac
     0 | D:1      | 0 ||| qw: Game counter: 760
     0 | D:1      | 0 ||| qw: Melee chars always use a shield: true
     0 | D:1      | 0 ||| qw: God list: Okawaru
     0 | D:1      | 0 ||| qw: Allow faded altars: false
     0 | D:1      | 0 ||| qw: Do Orc after clearing Dungeon:15 true
     0 | D:1      | 0 ||| qw: Do second Lair branch before Depths: true
     0 | D:1      | 0 ||| qw: Lair rune preference: random
     0 | D:1      | 0 ||| qw: Goals: Normal, Zot:1-4, Slime:5, God:TSO, Crypt,
                  | Tomb, Abyss, Pan, Hells, Win
     0 | D:1      | 0 ||| PLANNING D:1-11
    39 | D:1      | Reached skill level 2 in Axes
    76 | D:1      | Reached XP level 2. HP: 19/19 MP: 2/2
    81 | D:1      | 81 ||| DROPPING +0 club.
   584 | D:1      | 584 ||| Stepping ~*~*~tactically~*~*~ (hiding).
   594 | D:1      | Reached skill level 3 in Axes
   606 | D:1      | 606 ||| Stepping ~*~*~tactically~*~*~ (hiding).
   808 | D:1      | 808 ||| UPGRADING to +0 plate armour.
   818 | D:1      | 818 ||| DROPPING +0 scale mail.
   819 | D:1      | 819 ||| READING scroll labelled COLAOCLOSI.
   820 | D:1      | 820 ||| READING scroll labelled NINUEW VEMAUT.
   821 | D:1      | 821 ||| READING scroll labelled DOCAYL ZOFO.
   988 | D:2      | Reached XP level 3. HP: 23/23 MP: 3/3
  1606 | D:2      | 1606 ||| UPGRADING to +0 cloak.
  1611 | D:2      | 1611 ||| READING 2 scrolls labelled BUUSHE CAUCAM.
  1612 | D:2      | 1612 ||| READING scroll labelled MOMEYH RURHE.
  1613 | D:2      | 1613 ||| DROPPING scroll of fog.
  1694 | D:3      | Reached XP level 4. HP: 28/28 MP: 4/4
  1705 | D:3      | Found a runed translucent door.
  1706 | D:3      | Noticed qw's ghost (amateur GrHs)
  1739 | D:3      | 1739 ||| Stepping ~*~*~tactically~*~*~ (stealth).
  1749 | D:3      | 1749 ||| DROPPING +0 whip.
  1781 | D:3      | Reached skill level 4 in Axes
  1814 | D:3      | 1814 ||| Stepping ~*~*~tactically~*~*~ (stealth).
  1823 | D:3      | 1823 ||| Stepping ~*~*~tactically~*~*~ (stealth).
  1936 | D:3      | Found a shadowy altar of Dithmenos.
  1937 | D:3      | Found a hide-covered altar of Uskayaw.
  2144 | D:3      | 2144 ||| Stepping ~*~*~tactically~*~*~ (hiding).
  2177 | D:3      | Reached XP level 5. HP: 32/32 MP: 5/5
  2309 | D:3      | 2309 ||| Stepping ~*~*~tactically~*~*~ (stealth).
  2320 | D:3      | 2320 ||| FLEEEEING.
  2321 | D:3      | 2321 ||| FLEEEEING.
  2371 | D:3      | 2371 ||| Stepping ~*~*~tactically~*~*~ (hiding).
  2393 | D:3      | Reached skill level 5 in Axes
  2411 | D:3      | 2411 ||| Stepping ~*~*~tactically~*~*~ (stealth).
  2485 | D:3      | 2485 ||| DROPPING ring of wizardry.
  2486 | D:3      | 2486 ||| READING 2 scrolls labelled ESEQUE ZATOGOU.
  2487 | D:3      | 2487 ||| READING scroll labelled SUCVOU WEELA.
  2488 | D:3      | 2488 ||| READING scroll labelled QIGECVEOPA.
  2489 | D:3      | 2489 ||| DRINKING 2 gluggy clear potions.
  2490 | D:3      | 2490 ||| DROPPING potion of degeneration.
  2578 | D:4      | Found an opulent altar of Gozag.
  2618 | D:4      | Found Nescheit's Jewellery Shop.
  2624 | D:4      | 2624 ||| Stepping ~*~*~tactically~*~*~ (hiding).
  2625 | D:4      | 2625 ||| Stepping ~*~*~tactically~*~*~ (hiding).
  2643 | D:4      | 2643 ||| SHOPLISTING amulet of Vitality {RegenMP++ Regen++}
                  | (1200 gold, have 195).
  2643 | D:4      | 2643 ||| SHOPLISTING amulet of reflection (360 gold, have
                  | 195).
  2643 | D:4      | 2643 ||| SHOPLISTING amulet of regeneration (360 gold, have
                  | 195).
  2643 | D:4      | 2643 ||| SHOPLISTING ring of fire (300 gold, have 195).
  2643 | D:4      | 2643 ||| SHOPLISTING ring of protection from fire (300
                  | gold, have 195).
  2735 | D:4      | Noticed an ogre
  2740 | D:4      | Killed an ogre
  2741 | D:4      | Reached XP level 6. HP: 40/40 MP: 6/6
  2849 | D:4      | 2849 ||| Stepping ~*~*~tactically~*~*~ (hiding).
  2982 | D:4      | Found Byawir's Neck Hole.
  2988 | D:4      | 2988 ||| SHOPLISTING amulet of the acrobat (420 gold, have
                  | 219).
  2988 | D:4      | 2988 ||| SHOPLISTING scarf of resistance (448 gold, have
                  | 219).
  3214 | D:4      | 3214 ||| READING scroll labelled PUEJET YCANUETH.
  3244 | D:4      | 3244 ||| READING scroll labelled GENUEL POQOD.
  3245 | D:4      | 3245 ||| DRINKING 2 fizzy coppery potions.
  3245 | D:4      | Gained mutation: You have sharp toenails. [potion of
                  | mutation]
  3245 | D:4      | Gained mutation: You are partially covered in iridescent
                  | scales. (AC +2) [potion of mutation]
  3245 | D:4      | Gained mutation: You have hidden genetic potential. [potion
                  | of mutation]
  3246 | D:4      | 3246 ||| READING 2 scrolls of identify.
  3246 | D:4      | 3246 ||| IDENTIFYING golden potion
  3259 | D:5      | Entered Level 5 of the Dungeon
  3411 | D:5      | 3411 ||| Stepping ~*~*~tactically~*~*~ (stealth).
  3412 | D:5      | 3412 ||| Stepping ~*~*~tactically~*~*~ (stealth).
  3416 | D:5      | 3416 ||| Stepping ~*~*~tactically~*~*~ (stealth).
  3418 | D:5      | 3418 ||| Stepping ~*~*~tactically~*~*~ (stealth).
  3420 | D:5      | 3420 ||| FLEEEEING.
  3485 | D:5      | 3485 ||| READING scroll of enchant armour.
  3485 | D:5      | 3485 ||| ENCHANTING +0 cloak.
  3492 | D:5      | Noticed a steam dragon
  3493 | D:5      | Noticed a steam dragon
  3494 | D:5      | 3494 ||| Stepping ~*~*~tactically~*~*~ (cloud).
  3502 | D:5      | HP: 9/40 [steam dragon/ball of steam (15)]
  3503 | D:5      | HP: 3/40 [steam dragon] (6)]
  3504 | D:5      | Killed a steam dragon
  3505 | D:5      | Reached skill level 6 in Axes
  3505 | D:5      | Reached XP level 7. HP: 3/44 MP: 7/7
  3505 | D:5      | 3505 ||| Stepping ~*~*~tactically~*~*~ (cloud).
  3739 | D:5      | Gained mutation: You have a somewhat thin skeletal
                  | structure. (Dex +2, Stealth+) [hidden potential]
  3833 | D:5      | Reached skill level 1 in Dodging
  3923 | D:5      | 3923 ||| Stepping ~*~*~tactically~*~*~ (hiding).
  3924 | D:5      | 3924 ||| Stepping ~*~*~tactically~*~*~ (hiding).
  3926 | D:5      | 3926 ||| Stepping ~*~*~tactically~*~*~ (hiding).
  3933 | D:5      | 3933 ||| Stepping ~*~*~tactically~*~*~ (hiding).
  4042 | D:5      | 4042 ||| DRINKING 3 red potions.
  4043 | D:5      | 4043 ||| READING 3 scrolls of identify.
  4043 | D:5      | 4043 ||| IDENTIFYING sedimented coppery potion
  4044 | D:5      | 4044 ||| READING 2 scrolls of identify.
  4044 | D:5      | 4044 ||| IDENTIFYING sapphire potion
  4103 | D:6      | Noticed Prince Ribbit
  4109 | D:6      | HP: 11/44 [wight/+0 dagger (1)]
  4110 | D:6      | 4110 ||| DRINKING 2 potions of heal wounds.
  4111 | D:6      | Slain by a wight

Levels and vault maps discovered:
D:1:      wander_arrival_fairy_ring, layout_loops_ring, serial_rivers,
          chequers_serial_rivers_micro_a, chequers_serial_rivers_micro_b,
          chequers_serial_rivers_micro_d, chequers_serial_rivers_large_b,
          chequers_serial_rivers_room_a, chequers_serial_rivers_small_b,
          st_stairs_8, minmay_strange_pillars
D:2:      layout_loops_corners
D:3:      minmay_razor_zed, layout_rooms, nicolae_overflow_squiral,
          hellmonk_ghost_happy_afterlife, guppyfry_early_orc_mine
D:4:      layout_basic, mainiacjoe_overflow_paths, serial_shops, shop,
          nicolae_shop_sticking_my_neck_out
D:5:      kennysheep_steamy, layout_rooms, serial_park_tiny_2
D:6:      layout_cave_pods, uniq_prince_ribbit1

Skill      XL: |  1  2  3  4  5  6  7 |
---------------+----------------------+-----
Axes           | 2 3 4 5 6 |  6.4
Fighting       | 4 |  4.9
Dodging        | 1 |  1.4
Armour         | 4 |  4.1
Shields        | |  3.2

Action                     |  1- 3 |  4- 6 |  7- 9 || total
---------------------------+-------+-------+-------++-------
  Melee: War axe           |    79 |   150 |    24 ||   253
         Kick              |       |     4 |     7 ||    11
  Throw: Boomerang         |    42 |    59 |     2 ||   103
    Use: Scroll            |     5 |     7 |     2 ||    14
         Potion            |       |     2 |     2 ||     4
 Armour: Scale mail        |    17 |       |       ||    17
         Plate armour      |    27 |   120 |    31 ||   178
  Dodge: Dodged            |    31 |    37 |     6 ||    74
  Block: Buckler           |    19 |    20 |     8 ||    47

Table legend:
 A = Non-vault XP
 B = Vault XP
 C = Vault XP percentage of total XP
 D = Non-vault monster count
 E = Vault monster count
 F = Vault count percentage of total count
                 A         B        C        D         E       F
            +---------+---------+-------+---------+---------+-------
      Total |     760 |     256 |  25.2 |      73 |      23 |  24.0
            +---------+---------+-------+---------+---------+-------
        D:1 |      29 |       4 |  12.1 |      17 |       2 |  10.5
        D:2 |      45 |       0 |   0.0 |      11 |       0 |   0.0
        D:3 |      89 |      65 |  42.2 |      23 |      20 |  46.5
        D:4 |     197 |       0 |   0.0 |      11 |       0 |   0.0
        D:5 |     326 |     187 |  36.5 |      10 |       1 |   9.1
        D:6 |      74 |       0 |   0.0 |       1 |       0 |   0.0
            +---------+---------+-------+---------+---------+-------
